 Dungeon Sprint DCSS version 0.31.0-12-g77e489cdc1 (webtiles) character file.

Game seed: 15220902175984992179

17900000 Kallu the Wishgranter (level 27, -39/228 HPs)
             Began as a Djinni Warper on Feb 15, 2024.
             Was the Champion of Makhleb.
             Annihilated by a meat berserker
             ... wielding a +9 battleaxe
              (55 damage)
             ... in the Dungeon (Sprint VIII: "Arena of Blood").
             The game lasted 00:11:42 (179 turns).

Kallu the Wishgranter (Djinni Warper)                Turns: 179, Time: 00:11:43

Health: -39/228    AC:  6    Str: 10    XL:     27
Gold:   0          EV: 36    Int: 17    God:    Makhleb [******] SH:  0 Dex: 25

rFire   + + +        h - +∞ Axe of Woe
rCold   x . .        (shield currently unavailable)
rNeg    . . .        a - +0 leather armour
rPois   ∞            (no helmet)
rElec   .            (no cloak)
rCorr   .            (no gloves)
SInv    +            (boots unavailable)
Will    ++...        (no amulet)
Stlth   ++++         i - ring of see invisible
HPRegen 0.58/turn    j - ring of protection from fire
MPRegen 0.00/turn

%: no teleportation, infuse magic (-40 HP)
@: flying, hasted and slowed
A: sickness immunity, fire resistance 2, cold vulnerability 1, float, innate
caster, HP casting, extra vitality 1
0: Orb of Zot
a: Renounce Religion, Minor Destruction, Lesser Servant of Makhleb, Major
Destruction, Greater Servant of Makhleb


You were in the Dungeon.
You worshipped Makhleb.
Makhleb was exalted by your worship.
You visited 1 branch

Inventory:

Hand Weapons
 h - the +∞ Axe of Woe (weapon)
   (You found it in the Dungeon)
Missiles
 c - 7 darts of dispersal
Armour
 a - a +0 leather armour (worn)
Jewellery
 i - a ring of see invisible (left hand)
 j - a ring of protection from fire (right hand)
Scrolls
 b - 2 scrolls of blinking
Potions
 d - a potion of curing
 e - a potion of heal wounds
 g - a potion of berserk rage


   Skills:
 O Level 27 Fighting
 O Level 27 Short Blades
 O Level 27 Long Blades
 O Level 27 Axes
 O Level 27 Maces & Flails
 O Level 27 Polearms
 O Level 27 Staves
 O Level 27 Ranged Weapons
 O Level 27 Throwing
 O Level 27 Armour
 O Level 27 Dodging
 O Level 27 Stealth
 O Level 27 Shields
 O Level 27 Unarmed Combat
 O Level 27 Spellcasting
 O Level 27 Conjurations
 O Level 27 Hexes
 O Level 27 Summonings
 O Level 27 Necromancy
 O Level 27 Translocations
 O Level 27 Fire Magic
 O Level 27 Ice Magic
 O Level 27 Air Magic
 O Level 27 Earth Magic
 O Level 27 Alchemy
 O Level 27 Invocations
 O Level 27 Evocations
 O Level 27 Shapeshifting


You knew the following spells:

 Your Spells              Type           Power      Damage    Failure   Level
a - Blink                 Tloc           100%       N/A       0%          2
b - Lesser Beckoning      Tloc           100%       N/A       0%          2
c - Teleport Other        Tloc           86%        N/A       0%          3
d - Manifold Assault      Tloc           86%        N/A       0%          4
e - Vhi's Electric Charg  Tloc/Air       100%       N/A       0%          4
f - Shock                 Conj/Air       100%       1d9       0%          1
g - Scorch                Fire           100%       2d9       0%          2
h - Stone Arrow           Conj/Erth      100%       3d13      0%          3
i - Martyr's Knell        Necr/Summ      86%        N/A       0%          4
j - Freezing Cloud        Conj/Ice/Air   43%        6-21      0%          5
k - Fireball              Conj/Fire      43%        3d17      0%          5
l - Bombard               Conj/Erth      43%        9d7       0%          6
m - Dispersal             Tloc           43%        N/A       0%          6
n - Summon Cactus Giant   Summ           43%        N/A       0%          6
o - Monstrous Menagerie   Summ           43%        N/A       1%          7
p - Disjunction           Tloc           43%        N/A       1%          8
q - Fire Storm            Conj/Fire      43%        8d11      2%          9
r - Polar Vortex          Ice            43%        12d5*     2%          9
Your spell library was empty.

Dungeon Overview and Level Annotations

Branches:
Dungeon (1/1)

Altars:
Makhleb

Annotations:
D The Defiler


Innate Abilities, Weirdness & Mutations

You are immune to sickness and miasma.
You are immune to poison.
Your flesh is very heat resistant. (rF++)
You are vulnerable to cold. (rC-)
You float through the air rather than walking.
You learn spells naturally, not from books.
Your magical power is your life essence.
You have superior vitality. (+4 MHP)


Message History

A meat berserker, a wretched soul and an eight-headed meat hydra come into view.
You slice the scourge like a ripe choko and electrocute it!!!
You cleave the scourge in twain.
You blow up the scourge!
Makhleb accepts your kill.
You feel better.
You hit the observer but do no damage. You chop the observer into pieces.
You kill the observer!
Makhleb accepts your kill.
You feel better.
* * * LOW HITPOINT WARNING * * *
The meat berserker is engulfed in poison gas.
The meat berserker looks even sicker.
The observer is engulfed in poison gas.
The observer looks even sicker.
The meat berserker is engulfed in poison gas.
The meat berserker is poisoned.
The bag of meat is engulfed in blazing flames.
The sculptor of flesh is engulfed in blazing flames.
The eight-headed meat hydra calls on the powers of darkness!
The eight-headed meat hydra convulses!
The fleshlord convulses!
The observer convulses!
Your body is wracked with pain!
* * * LOW HITPOINT WARNING * * *
The meat berserker convulses!
The dread calls on the powers of darkness!
The meat berserker convulses! x3; The observer convulses!
The meat berserker convulses!
The fleshlord convulses!
The bag of meat convulses!
The fleshlord convulses!
The eight-headed meat hydra convulses!
The meat berserker convulses!
The fleshlord convulses!
Your body is wracked with pain!
* * * LOW HITPOINT WARNING * * *
The eight-headed meat hydra convulses!
The fleshlord is engulfed in poison gas.
The fleshlord looks even sicker.
The eight-headed meat hydra is engulfed in blazing flames.
The eight-headed meat hydra dies!
The destroyer casts a spell at you.
The destroyer blinks!
An eight-headed meat hydra comes into view.
The meat berserker hits you with a +9 battleaxe!!!
You die...

.).)))#..OpD......WW...o......
..).)†..2...S......)........
#V)))G.)..V.Op..............
.#).)))...#..D....#.........
.))G#.)...#.....).#..D.pO...
.#.&....###...o...###..D....
.))..2.......###)V§....D..o.
).&..#.......W_.WG..zW....
)..#.D.....#..W○@#..zX...#
#z†&)))....#_.☼§O#OVpO....
..G#)).)...#§§☼§p#o.pXG.#
.))))#....p§zp§OO.)pWzp..
..†.).....☼§O###WW)pLoOGp
...))...###OG§p§X.###.pO.
...)§§°O..#z○☼opo§# ...
..))§)§)).#.)o†☼)§#.p. o
.#..°.§.....z)...poMo.


You could see 2 eight-headed meat hydras, a destroyer, 2 observers, 5
fleshlords, 3 sculptors of flesh, a large abomination (summoned), 3 dreads, 5
meat berserkers, 3 wretched souls and a bag of meat.

Vanquished Creatures
  Dispater (D)
  22 hell knights (D)
  28 hell beasts (D)
  14 royal mummies (D)
  21 wraiths (D)
  15 great orbs of eyes (D)
  Harold (D)
  21 vampire knights (D)
  52 ogres (D)
  16 two-headed ogres (D)
  9 liches (D)
  19 hydras (D)
  8 phantoms (D)
  152 orcs (D)
  17 skeletal warriors (D)
  10 sea snakes (D)
406 creatures vanquished.

Vanquished Creatures (others)
  A hydra (D)
  An orc (D)
2 creatures vanquished.

Grand Total: 408 creatures vanquished

Notes
Turn   | Place    | Note
-------+----------+-------------------------------------------
     0 | D        | Found the +∞ Axe of Woe
     0 | D        | Kallu the Djinni Warper began the quest for the Orb.
     0 | D        | Kallu set off with the following spells memorised: Blink,
                  | Lesser Beckoning, Teleport Other, Manifold Assault, Vhi's
                  | Electric Charge.
     0 | D        | Reached XP level 1. HP: 18/18 MP: 0/0
     1 | D        | Noticed a meat berserker
     2 | D        | Noticed a bag of meat
     4 | D        | Became a worshipper of Makhleb the Destroyer
     5 | D        | Killed a meat berserker
     5 | D        | Noticed a meat berserker
     5 | D        | Noticed a bag of meat
     5 | D        | Noticed a bag of meat
     6 | D        | Reached skill level 15 in Fighting
     6 | D        | Reached XP level 2. HP: 43/43 MP: 0/0
     6 | D        | Reached XP level 3. HP: 49/49 MP: 0/0
     6 | D        | Learned a level 1 spell: Shock
     6 | D        | Reached XP level 4. HP: 55/55 MP: 0/0
     6 | D        | Reached XP level 5. HP: 60/60 MP: 0/0
     6 | D        | Learned a level 2 spell: Scorch
     6 | D        | Reached XP level 6. HP: 67/67 MP: 0/0
     6 | D        | Reached XP level 7. HP: 72/72 MP: 0/0
     6 | D        | Learned a level 3 spell: Stone Arrow
     6 | D        | Reached XP level 8. HP: 78/78 MP: 0/0
     6 | D        | Reached XP level 9. HP: 85/85 MP: 0/0
     6 | D        | Learned a level 4 spell: Martyr's Knell
     6 | D        | Reached XP level 10. HP: 91/91 MP: 0/0
     6 | D        | Reached XP level 11. HP: 96/96 MP: 0/0
     6 | D        | Learned a level 5 spell: Freezing Cloud
     6 | D        | Reached XP level 12. HP: 103/103 MP: 0/0
     6 | D        | Noticed a meat berserker
     6 | D        | Noticed a bag of meat
     7 | D        | Noticed a bag of meat
     8 | D        | Noticed a bag of meat
     8 | D        | Noticed a bag of meat
     8 | D        | Killed a meat berserker
     8 | D        | Reached * piety under Makhleb
     8 | D        | Noticed a bag of meat
     8 | D        | Noticed a bag of meat
     8 | D        | Noticed a bag of meat
     8 | D        | Noticed a meat berserker
     9 | D        | Reached skill level 15 in Axes
     9 | D        | Reached XP level 13. HP: 110/113 MP: 0/0
     9 | D        | Learned a level 5 spell: Fireball
     9 | D        | Noticed a bag of meat
     9 | D        | Noticed a bag of meat
     9 | D        | Noticed a bag of meat
     9 | D        | Noticed a bag of meat
     9 | D        | Noticed a bag of meat
     9 | D        | Killed a meat berserker
     9 | D        | Noticed a bag of meat
     9 | D        | Noticed a bag of meat
     9 | D        | Noticed a bag of meat
     9 | D        | Noticed a meat berserker
     9 | D        | Noticed a meat berserker
     9 | D        | Noticed a bag of meat
    10 | D        | Reached XP level 14. HP: 116/124 MP: 0/0
    10 | D        | Noticed a bag of meat
    10 | D        | Noticed a bag of meat
    10 | D        | Noticed a bag of meat
    10 | D        | Noticed a bag of meat
    10 | D        | Noticed a bag of meat
    10 | D        | Noticed a meat berserker
    10 | D        | Noticed a bag of meat
    10 | D        | Noticed a bag of meat
    10 | D        | Noticed a bag of meat
    10 | D        | Killed a bag of meat
    10 | D        | Killed a bag of meat
    10 | D        | Reached ** piety under Makhleb
    10 | D        | Killed a bag of meat
    10 | D        | Noticed a bag of meat
    10 | D        | Noticed a bag of meat
    10 | D        | Noticed a bag of meat
    10 | D        | Noticed a bag of meat
    10 | D        | Noticed a bag of meat
    10 | D        | Noticed a large bag of meat
    10 | D        | Noticed a bag of meat
    10 | D        | Noticed a bag of meat
    10 | D        | Noticed a bag of meat
    10 | D        | Noticed a bag of meat
    10 | D        | Noticed a bag of meat
    10 | D        | Noticed a bag of meat
    11 | D        | Reached XP level 15. HP: 122/134 MP: 0/0
    11 | D        | Learned a level 6 spell: Bombard
    11 | D        | Noticed a meat berserker
    11 | D        | Noticed a meat berserker
    11 | D        | Killed a meat berserker
    11 | D        | Killed a meat berserker
    11 | D        | Reached *** piety under Makhleb
    11 | D        | Reached **** piety under Makhleb
    12 | D        | Reached XP level 16. HP: 149/149 MP: 0/0
    12 | D        | Reached XP level 17. HP: 156/156 MP: 0/0
    12 | D        | Learned a level 6 spell: Dispersal
    13 | D        | Reached skill level 27 in Spellcasting
    13 | D        | Reached skill level 27 in Conjurations
    13 | D        | Reached skill level 27 in Hexes
    13 | D        | Reached skill level 27 in Summonings
    13 | D        | Reached skill level 27 in Necromancy
    13 | D        | Reached skill level 27 in Translocations
    13 | D        | Reached skill level 27 in Fire Magic
    13 | D        | Reached skill level 27 in Ice Magic
    13 | D        | Reached skill level 27 in Air Magic
    13 | D        | Reached skill level 27 in Earth Magic
    13 | D        | Reached skill level 27 in Alchemy
    16 | D        | Reached skill level 27 in Fighting
    16 | D        | Noticed a meat berserker
    16 | D        | Noticed a meat berserker
    17 | D        | Noticed a meat berserker
    18 | D        | Reached ***** piety under Makhleb
    19 | D        | Reached skill level 27 in Axes
    19 | D        | Reached skill level 1 in Throwing
    19 | D        | Reached XP level 18. HP: 118/167 MP: 0/0
    19 | D        | Noticed a large bag of meat
    21 | D        | Killed a meat berserker
    22 | D        | Reached ****** piety under Makhleb
    22 | D        | Killed a meat berserker
    22 | D        | Noticed a destroyer
    23 | D        | Reached skill level 5 in Throwing
    23 | D        | Reached XP level 19. HP: 174/174 MP: 0/0
    23 | D        | Learned a level 6 spell: Summon Cactus Giant
    23 | D        | Noticed a large bag of meat
    23 | D        | Killed a large bag of meat
    23 | D        | Noticed a large bag of meat
    24 | D        | Reached skill level 27 in Dodging
    24 | D        | Reached skill level 27 in Unarmed Combat
    24 | D        | Reached XP level 20. HP: 167/181 MP: 0/0
    25 | D        | Reached XP level 21. HP: 182/187 MP: 0/0
    25 | D        | Learned a level 7 spell: Monstrous Menagerie
    26 | D        | Reached skill level 27 in Armour
    26 | D        | Reached XP level 22. HP: 194/194 MP: 0/0
    26 | D        | Killed a destroyer
    27 | D        | Reached skill level 27 in Throwing
    27 | D        | Noticed a large bag of meat
    27 | D        | Killed a meat berserker
    27 | D        | Noticed an eight-headed meat hydra
    28 | D        | Reached skill level 10 in Shields
    28 | D        | Reached skill level 10 in Invocations
    28 | D        | Reached skill level 10 in Evocations
    28 | D        | Reached XP level 23. HP: 201/201 MP: 0/0
    28 | D        | Learned a level 8 spell: Disjunction
    29 | D        | Reached skill level 10 in Maces & Flails
    29 | D        | Reached skill level 10 in Polearms
    29 | D        | Reached skill level 10 in Ranged Weapons
    29 | D        | Reached skill level 10 in Shapeshifting
    29 | D        | Noticed a destroyer
    30 | D        | Noticed a destroyer
    30 | D        | Killed a destroyer
    31 | D        | Reached XP level 24. HP: 145/208 MP: 0/0
    31 | D        | Noticed a destroyer
    32 | D        | Reached skill level 15 in Shields
    32 | D        | Reached skill level 15 in Invocations
    32 | D        | Reached skill level 15 in Evocations
    32 | D        | Killed a large bag of meat
    32 | D        | Killed a large bag of meat
    32 | D        | Noticed a large bag of meat
    33 | D        | Reached skill level 15 in Short Blades
    33 | D        | Reached skill level 15 in Long Blades
    33 | D        | Reached skill level 15 in Staves
    33 | D        | Reached skill level 15 in Stealth
    33 | D        | Noticed a destroyer
    34 | D        | Reached skill level 15 in Maces & Flails
    34 | D        | Reached skill level 15 in Polearms
    34 | D        | Reached skill level 15 in Ranged Weapons
    34 | D        | Reached skill level 15 in Shapeshifting
    34 | D        | Reached XP level 25. HP: 183/214 MP: 0/0
    34 | D        | Learned a level 9 spell: Fire Storm
    34 | D        | Noticed a destroyer
    35 | D        | Noticed a destroyer
    35 | D        | Noticed a large bag of meat
    37 | D        | Reached XP level 26. HP: 221/221 MP: 0/0
    37 | D        | Noticed a destroyer
    37 | D        | Noticed a destroyer
    37 | D        | Killed a destroyer
    38 | D        | Killed a destroyer
    40 | D        | Reached XP level 27. HP: 228/228 MP: 0/0
    40 | D        | Learned a level 9 spell: Polar Vortex
    41 | D        | Killed a large bag of meat
    42 | D        | Killed a destroyer
    42 | D        | Killed a destroyer
    44 | D        | Noticed a large bag of meat
    46 | D        | Reached skill level 27 in Shields
    46 | D        | Reached skill level 27 in Invocations
    46 | D        | Reached skill level 27 in Evocations
    48 | D        | Killed a large bag of meat
    49 | D        | Reached skill level 27 in Short Blades
    49 | D        | Reached skill level 27 in Long Blades
    49 | D        | Reached skill level 27 in Staves
    49 | D        | Reached skill level 27 in Stealth
    49 | D        | Noticed a destroyer
    50 | D        | Noticed a destroyer
    51 | D        | Noticed a tyrant
    51 | D        | Killed a destroyer
    52 | D        | Reached skill level 27 in Maces & Flails
    52 | D        | Reached skill level 27 in Polearms
    52 | D        | Reached skill level 27 in Ranged Weapons
    52 | D        | Reached skill level 27 in Shapeshifting
    55 | D        | Noticed a tyrant
    57 | D        | Killed a destroyer
    59 | D        | Noticed a large bag of meat
    60 | D        | Killed a tyrant
    61 | D        | Killed a destroyer
    62 | D        | Killed a large bag of meat
    64 | D        | Killed a destroyer
    65 | D        | Killed a tyrant
    66 | D        | Killed a large bag of meat
    67 | D        | Noticed a destroyer
    67 | D        | Noticed a meat beast
    68 | D        | Killed a destroyer
    68 | D        | Killed a meat beast
    71 | D        | Noticed an accursed
    71 | D        | Noticed an accursed
    72 | D        | Killed an accursed
    72 | D        | Killed an accursed
    73 | D        | Noticed a tyrant
    74 | D        | Killed a tyrant
    74 | D        | Noticed an accursed
    75 | D        | Killed an accursed
    75 | D        | Killed a large bag of meat
    76 | D        | Killed a large bag of meat
    76 | D        | Noticed a dread
    76 | D        | Noticed a dread
    76 | D        | Noticed an accursed
    76 | D        | Noticed an accursed
    77 | D        | Killed a dread
    77 | D        | Killed a dread
    77 | D        | Killed an accursed
    78 | D        | Killed an accursed
    78 | D        | Noticed an accursed
    79 | D        | Killed an accursed
    79 | D        | Noticed a tyrant
    80 | D        | Killed a tyrant
    80 | D        | Noticed a meat beast
    80 | D        | Noticed an accursed
    81 | D        | Killed an accursed
    81 | D        | Killed a meat beast
    81 | D        | Noticed an accursed
    81 | D        | Noticed a destroyer
    81 | D        | Noticed a destroyer
    82 | D        | Killed a destroyer
    82 | D        | Killed a destroyer
    82 | D        | Killed an accursed
    84 | D        | Noticed a meat beast
    84 | D        | Noticed a destroyer
    85 | D        | Killed a meat beast
    86 | D        | Noticed a dread
    87 | D        | Killed a dread
    88 | D        | Killed a destroyer
    90 | D        | Noticed a meat beast
    91 | D        | Killed a meat beast
    91 | D        | Noticed a dread
    91 | D        | Noticed a meat beast
    92 | D        | Killed a meat beast
    92 | D        | Killed a dread
    92 | D        | Noticed a meat beast
    92 | D        | Noticed a tyrant
    93 | D        | Killed a meat beast
    93 | D        | Killed a tyrant
    93 | D        | Noticed a tyrant
    94 | D        | Killed a tyrant
    95 | D        | Noticed an accursed
    98 | D        | Noticed a meat beast
    99 | D        | Killed a meat beast
   101 | D        | Noticed an accursed
   102 | D        | Killed an accursed
   102 | D        | Noticed a dread
   102 | D        | Noticed a tyrant
   103 | D        | Killed a dread
   103 | D        | Killed a tyrant
   104 | D        | Noticed a meat beast
   105 | D        | Noticed a meat beast
   108 | D        | Killed a meat beast
   111 | D        | Noticed a fleshlord
   112 | D        | Killed a fleshlord
   112 | D        | Killed a meat beast
   115 | D        | Noticed a meat beast
   116 | D        | Killed a meat beast
   116 | D        | Noticed a dread
   117 | D        | Killed a dread
   118 | D        | Noticed a large bag of meat
   118 | D        | Noticed an accursed
   119 | D        | Killed a large bag of meat
   119 | D        | Killed an accursed
   119 | D        | Noticed a tyrant
   120 | D        | Killed a tyrant
   121 | D        | Killed an accursed
   122 | D        | Noticed a fleshlord
   122 | D        | Noticed a fleshlord
   122 | D        | Noticed a fleshlord
   123 | D        | Killed a fleshlord
   123 | D        | Killed a fleshlord
   123 | D        | Killed a fleshlord
   123 | D        | Noticed a destroyer
   124 | D        | Killed a destroyer
   125 | D        | Noticed a dread
   125 | D        | Noticed a large bag of meat
   125 | D        | Noticed a tyrant
   126 | D        | Killed a large bag of meat
   126 | D        | Killed a tyrant
   126 | D        | Killed a destroyer
   127 | D        | Killed a dread
   127 | D        | Noticed a fleshlord
   127 | D        | Noticed a fleshlord
   128 | D        | Noticed a fleshlord
   128 | D        | Killed a fleshlord
   128 | D        | Noticed a fleshlord
   129 | D        | Killed a fleshlord
   129 | D        | Killed a fleshlord
   129 | D        | Noticed a fleshlord
   130 | D        | Killed a fleshlord
   130 | D        | Noticed a meat beast
   131 | D        | Killed a fleshlord
   131 | D        | Killed a meat beast
   131 | D        | Noticed a fleshlord
   132 | D        | Noticed a dread
   132 | D        | Noticed a dread
   132 | D        | Killed a dread
   132 | D        | Killed a fleshlord
   132 | D        | Killed a dread
   133 | D        | Noticed a meat beast
   133 | D        | Noticed a dread
   134 | D        | Killed a dread
   134 | D        | Killed a meat beast
   135 | D        | Noticed a dread
   136 | D        | Noticed a dread
   137 | D        | Killed a dread
   137 | D        | Killed a dread
   137 | D        | Noticed a meat beast
   137 | D        | Noticed a fleshlord
   138 | D        | Killed a meat beast
   138 | D        | Killed a fleshlord
   138 | D        | Noticed a fleshlord
   139 | D        | Noticed a large bag of meat
   139 | D        | Noticed a dread
   139 | D        | Noticed a meat beast
   140 | D        | Killed a large bag of meat
   140 | D        | Killed a dread
   141 | D        | Noticed a fleshlord
   142 | D        | Killed a fleshlord
   142 | D        | Killed a meat beast
   142 | D        | Killed a fleshlord
   142 | D        | Noticed a meat beast
   142 | D        | Noticed a meat beast
   143 | D        | Noticed a fleshlord
   143 | D        | Killed a meat beast
   143 | D        | Killed a fleshlord
   143 | D        | Noticed a destroyer
   144 | D        | Killed a destroyer
   144 | D        | Noticed a destroyer
   145 | D        | Killed a destroyer
   145 | D        | Noticed a fleshlord
   146 | D        | Killed a fleshlord
   146 | D        | Noticed a meat beast
   148 | D        | Noticed a fleshlord
   148 | D        | Noticed a large bag of meat
   149 | D        | Killed a fleshlord
   149 | D        | Killed a large bag of meat
   149 | D        | Noticed The Meatlord
   149 | D        | Noticed an accursed
   149 | D        | Noticed a destroyer
   150 | D        | Killed an accursed
   150 | D        | Killed a meat beast
   150 | D        | Noticed a fleshlord
   150 | D        | Noticed a destroyer
   150 | D        | Noticed a fleshlord
   151 | D        | Noticed a meat beast
   152 | D        | Noticed a dread
   152 | D        | Noticed a dread
   152 | D        | Noticed an accursed
   152 | D        | Noticed a meat beast
   152 | D        | Killed a destroyer
   153 | D        | Killed a fleshlord
   153 | D        | Noticed a meat beast
   154 | D        | Killed a fleshlord
   154 | D        | Killed a dread
   154 | D        | Noticed a fleshlord
   155 | D        | Noticed a meat beast
   155 | D        | Killed a dread
   156 | D        | Noticed a dread
   156 | D        | Noticed a large bag of meat
   156 | D        | Noticed a destroyer
   156 | D        | Noticed a meat beast
   156 | D        | Killed an accursed
   157 | D        | Noticed a dread
   157 | D        | Killed a dread
   157 | D        | Killed a meat beast
   157 | D        | Noticed a meat beast
   158 | D        | Killed a meat beast
   158 | D        | Killed a large bag of meat
   158 | D        | Killed a fleshlord
   158 | D        | Killed a meat beast
   159 | D        | Noticed a large bag of meat
   159 | D        | Noticed a meat beast
   160 | D        | Noticed a fleshlord
   160 | D        | Noticed a large bag of meat
   161 | D        | Killed a meat beast
   161 | D        | Killed a destroyer
   161 | D        | Noticed a fleshlord
   161 | D        | Noticed a fleshlord
   162 | D        | Killed a meat beast
   162 | D        | Noticed an accursed
   162 | D        | Noticed a destroyer
   163 | D        | Noticed a meat beast
   163 | D        | Noticed The Servant
   163 | D        | Noticed a destroyer
   164 | D        | Noticed a meat beast
   165 | D        | Noticed a dread
   165 | D        | Noticed a fleshlord
   165 | D        | Noticed a fleshlord
   165 | D        | Noticed a meat beast
   165 | D        | Noticed a dread
   165 | D        | Noticed a dread
   165 | D        | Noticed a meat beast
   165 | D        | Noticed a dread
   166 | D        | Killed a meat beast
   166 | D        | Killed a meat beast
   167 | D        | Killed a destroyer
   167 | D        | Killed a meat beast
   168 | D        | Noticed a fleshlord
   168 | D        | Noticed a tyrant
   168 | D        | Noticed a dread
   168 | D        | Noticed a fleshlord
   168 | D        | Noticed a fleshlord
   168 | D        | Killed an accursed
   168 | D        | Killed a fleshlord
   168 | D        | Noticed The Defiler
   168 | D        | Noticed an accursed
   168 | D        | Noticed a fleshlord
   169 | D        | Killed a meat beast
   169 | D        | Noticed an accursed
   170 | D        | Noticed a dread
   170 | D        | Killed a large bag of meat
   170 | D        | Killed a dread
   170 | D        | Noticed an accursed
   171 | D        | Noticed a dread
   171 | D        | Killed The Meatlord
   172 | D        | Got the Orb of Zot
   173 | D        | Killed a dread
   174 | D        | Killed a meat beast
   174 | D        | Killed a fleshlord
   175 | D        | Noticed a fleshlord
   175 | D        | Killed a dread
   176 | D        | Killed a fleshlord
   176 | D        | Killed a meat beast
   177 | D        | Noticed a dread
   177 | D        | Killed The Servant
   177 | D        | Killed a large bag of meat
   177 | D        | Killed a meat beast
   177 | D        | Noticed a meat beast
   178 | D        | Noticed a fleshlord
   178 | D        | Killed a dread
   178 | D        | Killed a dread
   178 | D        | HP: 10/228 [??? (7)]
   178 | D        | Noticed a destroyer
   179 | D        | Annihilated by a meat berserker

Illustrated notes

Levels and vault maps discovered:
D:        meatsprint

Skill      XL: |  1  2  3  4  5  6  7  8  9 10 11 12 13 14 15 16 17 18 19 20 21 22 23 24 25 26 27 |
---------------+----------------------------------------------------------------------------------+-----
Fighting       | 15 18 19 21 25 27 | 27.0
Axes           | 13 15 16 18 21 27 | 27.0
Spellcasting   | 16 19 20 22 26 27 | 27.0
Conjurations   | 16 19 20 22 26 27 | 27.0
Hexes          | 16 19 20 22 26 27 | 27.0
Summonings     | 16 19 20 22 26 27 | 27.0
Necromancy     | 16 19 20 22 26 27 | 27.0
Translocations | 16 19 20 22 26 27 | 27.0
Fire Magic     | 16 19 20 22 26 27 | 27.0
Ice Magic      | 16 19 20 22 26 27 | 27.0
Air Magic      | 16 19 20 22 26 27 | 27.0
Earth Magic    | 16 19 20 22 26 27 | 27.0
Alchemy        | 16 19 20 22 26 27 | 27.0
Throwing       | 1 5 11 16 25 27 | 27.0
Dodging        | 4 22 27 | 27.0
Unarmed Combat | 3 20 27 | 27.0
Armour         | 9 18 26 27 | 27.0
Short Blades   | 9 12 16 19 21 27 | 27.0
Long Blades    | 9 12 16 19 21 27 | 27.0
Maces & Flails | 8 11 15 17 19 27 | 27.0
Polearms       | 8 11 15 17 19 27 | 27.0
Staves         | 9 12 16 19 21 27 | 27.0
Ranged Weapons | 8 11 15 17 19 27 | 27.0
Stealth        | 9 12 16 19 21 27 | 27.0
Shields        | 10 14 18 20 23 27 | 27.0
Invocations    | 10 14 18 20 23 27 | 27.0
Evocations     | 10 14 18 20 23 27 | 27.0
Shapeshifting  | 8 11 15 17 19 27 | 27.0

Action                     |  1- 3 |  4- 6 |  7- 9 | 10-12 | 13-15 | 16-18 | 19-21 | 22-24 | 25-27 || total
---------------------------+-------+-------+-------+-------+-------+-------+-------+-------+-------++-------
  Melee: Executioner's axe |     1 |       |       |     1 |     3 |     6 |     3 |     8 |   232 ||   254
   Cast: Vhi's Electric Ch |       |       |       |     1 |     3 |     4 |     3 |     5 |    34 ||    50
         Manifold Assault  |       |       |       |       |       |       |       |       |    73 ||    73
         Polar Vortex      |       |       |       |       |       |       |       |       |     1 ||     1
    Use: Potion            |       |       |       |       |       |       |       |       |     1 ||     1
 Armour: Leather armour    |       |       |       |       |       |     3 |     3 |     3 |    45 ||    54
  Dodge: Dodged            |       |       |       |       |       |     1 |       |       |    19 ||    20
